 Dungeon Crawl Stone Soup version 0.25-a0-578-gc91f01c (webtiles) character file.

Game seed: 15451450879698164054, levelgen mode: deterministic

34657 BlueFish the Fencer (level 13, -6/183 HPs)
             Began as a Minotaur Fighter on Mar 4, 2020.
             Was an Initiate of Gozag.
             Mangled by a minotaur
             ... wielding the +9 staff of Wucad Mu {channel}
              (26 damage)
             ... in a Gauntlet.
             The game lasted 00:31:00 (13928 turns).

BlueFish the Fencer (Minotaur Fighter)             Turns: 13928, Time: 00:31:01

Health: -6/183     AC: 11    Str: 21    XL:     13   Next: 43%
Magic:  0/12       EV: 14    Int:  5    God:    Gozag
Gold:   1382       SH:  9    Dex: 15    Spells: 12/12 levels left

rFire    . . .     SeeInvis .   c - +4 scimitar (flame)
rCold    . . .     Gourm    .   K - +2 buckler
rNeg     . . .     Faith    .   y - +1 scale mail {rPois}
rPois    +         Spirit   +   (helmet restricted)
rElec    .         Reflect  .   O - scarf {Spirit}
rCorr    +         Harm     .   N - +0 pair of gloves
MR       +....     NoTele   +   (no boots)
Stlth    ..........             l - amulet of regeneration
HPRegen  0.80/turn              B - ring of protection from magic
MPRegen  0.13/turn              M - ring of resist corrosion

@: mighty, berserking, contaminated, glowing, very quick
A: retaliatory headbutt, horns 2
a: Potion Petition, Call Merchant, Bribe Branch, Renounce Religion


You were in a Gauntlet.
You worshipped Gozag.
Gozag was most pleased with you.
You were not hungry.

You visited 3 branches of the dungeon, and saw 15 of its levels.
You also visited: Gauntlet.

You collected 3661 gold pieces.
You spent 1900 gold pieces at shops.
You paid 379 gold pieces to Gozag.

Inventory:

Hand Weapons
 a - a +1 long sword
 c - a +4 scimitar of flaming (weapon)
 D - a +1 dagger of venom
Armour
 i - a +2 pair of boots
 y - a +1 scale mail of poison resistance (worn)
 K - a +2 buckler (worn)
 N - a +0 pair of gloves (worn)
 O - a scarf of spirit shield (worn)
Jewellery
 j - an uncursed amulet of faith
 l - an amulet of regeneration (around neck)
 B - a ring of protection from magic (left hand)
 M - a ring of resist corrosion (right hand)
Wands
 b - a wand of acid (9)
 e - a wand of clouds (9)
 h - a wand of paralysis (20)
 n - a wand of flame (11)
 A - a wand of random effects (18)
 G - a wand of enslavement (19)
 I - a wand of digging (7)
 P - a wand of iceblast (10)
Scrolls
 g - 2 scrolls of fear
 k - 3 scrolls of fog
 o - 4 scrolls of amnesia
 p - 7 scrolls of remove curse
 q - 2 scrolls of blinking
 u - 4 scrolls of enchant weapon
 v - 6 scrolls of enchant armour
 z - 7 scrolls of teleportation
 E - 3 scrolls of magic mapping
 L - 2 scrolls of identify
Potions
 d - 3 potions of might
 m - a potion of magic
 r - 2 potions of flight
 s - 2 potions of cancellation
 t - 8 potions of curing
 w - 2 potions of stabbing
 x - 5 potions of brilliance
 C - a potion of berserk rage
 F - 2 potions of haste
 H - a potion of resistance
 J - a potion of lignification
 Q - a potion of invisibility
Comestibles
 f - 23 rations


   Skills:
 * Level 13.1 Fighting
 * Level 16.0 Long Blades
 * Level 12.3 Armour
 + Level 6.2 Dodging
 + Level 2.2 Stealth
 * Level 11.9 Shields


You had 12 spell levels left.
You didn't know any spells.
Your spell library contained the following spells:

 Spells                   Type           Power        Failure   Level  Hunger
 Foxfire                  Conj/Fire      #...         75%         1    ##.....
 Sting                    Tmut/Pois      #...         75%         1    ##.....
 Summon Small Mammal      Summ           #...         75%         1    ##.....
 Call Imp                 Summ           #.......     86%         2    ###....
 Poisonous Vapours        Pois/Air       #.....       86%         2    ###....
 Call Canine Familiar     Summ           #.......     98%         3    ####...
 Conjure Flame            Conj/Fire      #.......     98%         3    ####...
 Ignite Poison            Fire/Tmut/Pois #.......     98%         3    ####...
 Inner Flame              Hex/Fire       #.......     98%         3    ####...
 Mephitic Cloud           Conj/Pois/Air  #.......     98%         3    ####...
 Static Discharge         Conj/Air       #.......     98%         3    ####...
 Summon Guardian Golem    Hex/Summ       #.......     98%         3    ####...
 Olgreb's Toxic Radiance  Pois           #.......     100%        4    #####..
 Sticky Flame             Conj/Fire      #.......     100%        4    #####..
 Summon Ice Beast         Ice/Summ       #.......     100%        4    #####..
 Summon Lightning Spire   Summ/Air       #.......     100%        4    #####..
 Fireball                 Conj/Fire      #.........   100%        5    ######.
 Lightning Bolt           Conj/Air       #.........   100%        5    ######.
 Ignition                 Fire           #.........   100%        8    #######
 Shatter                  Erth           #.........   100%        9    #######
 Tornado                  Air            #.........   100%        9    #######


Dungeon Overview and Level Annotations

Branches:
Dungeon (11/15)            Temple (1/1) D:5            Lair (3/6) D:9
  Swamp (0/4) Lair:2        Snake (0/4) Lair:2          Orc (0/2) D:9
Gauntlet (1/1)

Altars:
Ashenzari
Cheibriados
Dithmenos
Elyvilon
Fedhas
Gozag
Hepliaklqana
Kikubaaqudgha
Makhleb
Nemelex Xobeh
Okawaru
Qazlal
Ru
Sif Muna
Trog
Uskayaw
Vehumet
Wu Jian
Xom
Yredelemnul
Zin
The Shining One

Shops:
D:8 *   D:9 :*[?

Annotations:
D:5 6 runed translucent doors, Crazy Yiuf Gauntlet 12 transporters, 21 runed translucent doors


Innate Abilities, Weirdness & Mutations

You reflexively headbutt those who attack you in melee.
You have a pair of horns on your head.


Message History

The minotaur hits you with the +9 staff of Wucad Mu {channel}!!
* * * LOW HITPOINT WARNING * * *
You block the minotaur's attack. [a] - 814 gold - resistance, might, haste, heal wounds, curing and berserk rage [b] - 312 gold - heal wounds, curing and berserk rage [c] - 400 gold - haste and resistance Purchase which effect?
You feel much better.
You feel better.
A red film seems to cover your vision as you go berserk!
You feel yourself moving faster!
You feel mighty!
The minotaur hits you with the +9 staff of Wucad Mu {channel}!!!
* * * LOW HITPOINT WARNING * * *
The minotaur gores you but does no damage.
You hit the minotaur but do no damage. You headbutt the minotaur!
The minotaur is severely wounded.
You hit the minotaur. You burn the minotaur. You headbutt the minotaur!
The minotaur is almost dead.
The minotaur hits you with the +9 staff of Wucad Mu {channel}!!
You die...
Your body crumbles into a pile of gold.

######### #.......#
#.#####.# #.#.. #.# #.#.#
#.# #.#H# #.# #.#@# #.#
#.#.###.# #.#((...#
#.####### #.....# #####.#
#########.#########
#≈...............≈# # ###
####8..©.©.©.©.©.©..8####
#


You could see a minotaur.

Vanquished Creatures
  7 hydras
  Harold (Lair:2)
  Erica (D:9)
  2 death scarabs (Gauntlet)
  2 death yaks (D:9)
  Sonja (D:10)
  A spectral death yak (Gauntlet)
  Pikel (D:7)
  2 oklob plants (Lair:2)
  Joseph (D:7)
  4 black mambas
  A worldbinder (Gauntlet)
  Psyche (D:9)
  2 gargoyles
  6 spiny frogs
  2 komodo dragons (Lair:1)
  A troll (D:9)
  5 polar bears (D:9)
  Prince Ribbit (D:9)
  A hornet (D:10)
  2 slime creatures (D:5)
  2 dream sheep (D:9)
  7 hippogriffs
  3 blink frogs (Lair:1)
  A spectral black mamba (Gauntlet)
  A spectral dream sheep (Gauntlet)
  A vampire (D:11)
  4 hogs (D:7)
  A human (D:7)
  12 yaks
  A basilisk (Lair:1)
  Grum (D:10)
  A swamp worm (Lair:2)
  An acid dragon (D:10)
  14 water moccasins
  5 porcupines
  10 sky beasts
  8 orc warriors
  A slave (D:7)
  6 black bears
  5 ice beasts
  4 phantoms
  A necrophage (D:10)
  A boggart (Gauntlet)
  9 wolves
  6 centaurs
  7 ogres
  7 crocodiles
  5 big kobolds
  9 bullfrogs
  A wyvern zombie (D:10)
  A hornet simulacrum (Gauntlet)
  4 scorpions
  7 wights
  4 crimson imps
  A centaur zombie (D:11)
  2 quasits
  A wyvern simulacrum (Gauntlet)
  8 jellies
  7 hounds
  5 orc wizards
  A bullfrog skeleton (D:9)
  3 orc priests
  2 centaur skeletons
  7 iguanas
  8 worker ants
  A hell rat (D:9)
  A bullfrog simulacrum (Gauntlet)
  3 hound zombies
  Robin (D:3)
  A howler monkey skeleton (D:4)
  14 adders
  7 gnolls
  A river rat (D:9)
  5 shadow imps
  5 oozes (D:5)
  2 worms (D:3)
  5 leopard geckos
  35 orcs
  2 giant cockroaches
  9 hobgoblins
  4 jackals
  11 kobolds
  6 quokkas
  3 ball pythons
  8 bats
  9 frilled lizards
  A giant cockroach zombie (D:5)
  18 goblins
  A leopard gecko skeleton (D:9)
  A quokka zombie (D:8)
  4 rats
  A bush (Lair:2)
400 creatures vanquished.

Vanquished Creatures (others)
  A slave (D:7)
  5 demonic plants (Gauntlet)
  2 fungi
  A plant (Lair:2)
  11 toadstools (D:5)
20 creatures vanquished.

Grand Total: 420 creatures vanquished

Notes
Turn   | Place    | Note
-------+----------+-------------------------------------------
     0 | D:1      | BlueFish the Minotaur Fighter began the quest for the Orb.
     0 | D:1      | Reached XP level 1. HP: 19/19 MP: 0/0
    38 | D:1      | Reached XP level 2. HP: 19/27 MP: 1/1
   596 | D:2      | Reached XP level 3. HP: 33/33 MP: 2/2
   762 | D:2      | Found a faded altar of an unknown god.
   911 | D:2      | Reached skill level 3 in Long Blades
   949 | D:2      | Reached XP level 4. HP: 40/41 MP: 3/3
  1312 | D:3      | Noticed Robin
  1323 | D:3      | Killed Robin
  1451 | D:3      | Found a hide-covered altar of Uskayaw.
  1678 | D:3      | Found a shattered altar of Ashenzari.
  1691 | D:3      | Reached skill level 4 in Long Blades
  1691 | D:3      | Reached XP level 5. HP: 42/47 MP: 4/4
  1782 | D:3      | Found a shattered altar of Ashenzari.
  1793 | D:3      | Found an iron altar of Okawaru.
  1793 | D:3      | Found an ancient bone altar of Kikubaaqudgha.
  1804 | D:3      | Found an ornate altar of the Wu Jian Council.
  1808 | D:3      | Found a sacrificial altar of Ru.
  2264 | D:4      | Reached skill level 5 in Armour
  2264 | D:4      | Reached skill level 1 in Dodging
  2494 | D:4      | Found an opulent altar of Gozag.
  2522 | D:4      | Became a worshipper of Gozag Ym Sagoz the Greedy
  2608 | D:4      | Noticed an ogre
  2611 | D:4      | Killed an ogre
  2611 | D:4      | Reached skill level 5 in Long Blades
  2611 | D:4      | Reached XP level 6. HP: 55/55 MP: 5/5
  2744 | D:4      | Reached skill level 5 in Fighting
  2929 | D:4      | Reached skill level 6 in Long Blades
  3051 | D:5      | Entered Level 5 of the Dungeon
  3057 | D:5      | Found a runed translucent door.
  3057 | D:5      | Noticed a water moccasin
  3057 | D:5      | Noticed a soldier ant
  3058 | D:5      | Noticed a soldier ant
  3059 | D:5      | Found a runed translucent gate.
  3366 | D:5      | Found a runed translucent gate.
  3372 | D:5      | Found the +9 staff of Olgreb {rPois∞}
  3422 | D:5      | Found a runed translucent door.
  3423 | D:5      | Noticed Crazy Yiuf
  3455 | D:5      | Reached XP level 7. HP: 61/61 MP: 6/6
  3456 | D:5      | Found a staircase to the Ecumenical Temple.
  3477 | Temple   | Entered the Ecumenical Temple
  3918 | D:5      | Reached skill level 7 in Long Blades
  4125 | D:5      | Reached skill level 5 in Shields
  4125 | D:5      | Reached XP level 8. HP: 70/70 MP: 7/7
  4131 | D:5      | Noticed a slime creature
  4132 | D:5      | Noticed a slime creature
  4268 | D:5      | Found a bloodstained altar of Trog.
  4305 | D:5      | Found a runed translucent gate.
  4313 | D:5      | Found a runed translucent door.
  4479 | D:5      | Found a shadowy altar of Dithmenos.
  4558 | D:5      | Reached skill level 8 in Long Blades
  4580 | D:5      | Killed a slime creature
  4588 | D:5      | Killed a slime creature
  4671 | D:5      | Reached skill level 9 in Long Blades
  4831 | D:6      | Found a stormy altar of Qazlal.
  4973 | D:6      | Reached XP level 9. HP: 39/78 MP: 8/8
  5279 | D:6      | Reached skill level 10 in Long Blades
  5674 | D:7      | Noticed Pikel
  5691 | D:7      | Killed Pikel
  5808 | D:7      | Found a sparkling altar of Nemelex Xobeh.
  5886 | D:7      | Reached skill level 11 in Long Blades
  6172 | D:7      | Reached XP level 10. HP: 85/88 MP: 9/9
  6308 | D:7      | Noticed Joseph
  6326 | D:7      | Killed Joseph
  6415 | D:7      | Found a glowing golden altar of the Shining One.
  6713 | D:8      | Reached skill level 12 in Long Blades
  7198 | D:8      | Found Fouq's Assorted Antiques.
  7201 | D:8      | Bought a scroll of blinking for 165 gold pieces
  7201 | D:8      | Bought a steaming scale mail for 198 gold pieces
  7201 | D:8      | Bought a scroll of teleportation for 66 gold pieces
  7201 | D:8      | Bought a glowing purple potion for 19 gold pieces
  7201 | D:8      | Bought a runed buckler for 165 gold pieces
  7201 | D:8      | Bought 2 potions of might for 176 gold pieces
  7211 | D:8      | Identified the +1 scale mail of Iplek {*Slow rPois Str+7}
                  | (You bought it in a shop on level 8 of the Dungeon)
  7358 | D:9      | Found a huge runed translucent gate.
  7358 | D:9      | Found a huge runed translucent gate.
  7358 | D:9      | Found a huge runed translucent gate.
  7358 | D:9      | Found a huge runed translucent gate.
  7358 | D:9      | Found a staircase to the Orcish Mines.
  7383 | D:9      | Noticed a death yak
  7384 | D:9      | Noticed Erica
  7386 | D:9      | Found a staircase to the Lair.
  7386 | D:9      | Noticed a death yak
  7386 | D:9      | Noticed a death yak
  7501 | D:9      | Found a white marble altar of Elyvilon.
  7730 | D:9      | Noticed Prince Ribbit
  7735 | D:9      | Reached XP level 11. HP: 92/97 MP: 10/10
  7963 | D:9      | Reached skill level 10 in Armour
  7973 | D:9      | Reached skill level 13 in Long Blades
  8100 | D:9      | Killed Erica
  8223 | D:9      | Killed Prince Ribbit
  8307 | D:9      | Found Hahaol's Book Emporium.
  8479 | D:9      | Found Gimnaink's Magic Scroll Boutique.
  8483 | D:9      | Noticed Psyche
  8490 | D:9      | Killed Psyche
  8887 | D:9      | Bought a scroll of enchant armour for 105 gold pieces
  8887 | D:9      | Bought a scroll of teleportation for 42 gold pieces
  8887 | D:9      | Bought a scroll of identify for 28 gold pieces
  8887 | D:9      | Bought a scroll of teleportation for 42 gold pieces
  8887 | D:9      | Bought a scroll of magic mapping for 49 gold pieces
  8887 | D:9      | Bought a scroll of enchant armour for 105 gold pieces
  8896 | D:9      | Found Anaffa's Antique Armour Emporium.
  8912 | D:9      | Bought a runed scale mail for 182 gold pieces
  8927 | D:9      | Found Tankob's General Store.
  8936 | D:9      | Bought a potion of mutation for 104 gold pieces
  8936 | D:9      | Bought a scroll of enchant weapon for 97 gold pieces
  8936 | D:9      | Bought a potion of haste for 130 gold pieces
  8936 | D:9      | Bought a ration for 65 gold pieces
  8936 | D:9      | Bought a potion of curing for 39 gold pieces
  8936 | D:9      | Bought a scroll of enchant weapon for 97 gold pieces
  8937 | D:9      | Bought a scroll of identify for 26 gold pieces
  9133 | D:9      | Killed a death yak
  9145 | D:9      | Killed a death yak
  9145 | D:9      | Reached skill level 10 in Fighting
  9373 | D:10     | Entered Level 10 of the Dungeon
  9416 | D:10     | Noticed Grum
  9421 | D:10     | Reached skill level 14 in Long Blades
  9437 | D:10     | Killed Grum
  9700 | D:10     | Noticed Sonja
  9710 | D:10     | Killed Sonja
  9710 | D:10     | Reached skill level 10 in Shields
  9713 | D:10     | Reached skill level 5 in Dodging
  9827 | D:10     | Reached XP level 12. HP: 49/107 MP: 11/11
 10215 | D:11     | Reached skill level 1 in Stealth
 11283 | Lair:1   | Entered Level 1 of the Lair of Beasts
 11716 | Lair:1   | Noticed a six-headed hydra
 11722 | Lair:1   | Killed a four-headed hydra
 11768 | Lair:1   | Reached skill level 15 in Long Blades
 12234 | Lair:2   | Found a shadowy altar of Dithmenos.
 12235 | Lair:2   | Noticed a six-headed hydra
 12246 | Lair:2   | Killed a one-headed hydra
 12286 | Lair:2   | Noticed a five-headed hydra
 12295 | Lair:2   | Killed a one-headed hydra
 12567 | Lair:2   | Noticed a four-headed hydra
 12574 | Lair:2   | Killed a one-headed hydra
 12672 | Lair:2   | Reached XP level 13. HP: 118/119 MP: 10/12
 12675 | Lair:2   | Found a staircase to the Snake Pit.
 12987 | Lair:2   | Found a staircase to the Swamp.
 13072 | Lair:2   | Noticed Harold
 13082 | Lair:2   | Killed Harold
 13376 | Lair:3   | Found a gate leading to a gauntlet.
 13385 | Gauntlet | Entered a Gauntlet
 13385 | Gauntlet | Found a transporter.
 13386 | Gauntlet | Found a large runed translucent door.
 13387 | Gauntlet | Found a large runed translucent door.
 13388 | Gauntlet | Found a large runed translucent door.
 13388 | Gauntlet | Found a large runed translucent door.
 13388 | Gauntlet | Found a runed translucent door.
 13388 | Gauntlet | Found a runed translucent door.
 13389 | Gauntlet | Found a large runed translucent door.
 13390 | Gauntlet | Found a large runed translucent door.
 13391 | Gauntlet | Found a large runed translucent door.
 13391 | Gauntlet | Found a large runed translucent door.
 13391 | Gauntlet | Found a large runed translucent door.
 13391 | Gauntlet | Found a large runed translucent door.
 13391 | Gauntlet | Found a large runed translucent door.
 13391 | Gauntlet | Found a large runed translucent door.
 13392 | Gauntlet | Found a large runed translucent door.
 13392 | Gauntlet | Found a large runed translucent door.
 13393 | Gauntlet | Found a large runed translucent door.
 13393 | Gauntlet | Found a transporter.
 13393 | Gauntlet | Found a large runed translucent door.
 13395 | Gauntlet | Found a transporter.
 13397 | Gauntlet | Found a transporter.
 13411 | Gauntlet | Found a runed translucent gate.
 13411 | Gauntlet | Found a runed translucent gate.
 13411 | Gauntlet | Found a runed translucent gate.
 13413 | Gauntlet | Found a transporter.
 13428 | Gauntlet | Found a transporter.
 13433 | Gauntlet | Found a transporter.
 13458 | Gauntlet | Found a transporter.
 13467 | Gauntlet | Found a transporter.
 13479 | Gauntlet | Found a transporter.
 13504 | Gauntlet | Noticed a green death
 13504 | Gauntlet | Found a transporter.
 13516 | Gauntlet | Found a transporter.
 13528 | Gauntlet | Found a transporter.
 13545 | Gauntlet | Found a transporter.
 13563 | Gauntlet | Found a transporter.
 13565 | Gauntlet | Found a transporter.
 13592 | Gauntlet | Found a transporter.
 13607 | Gauntlet | Noticed an ironheart preserver
 13629 | Gauntlet | Found a transporter.
 13725 | Gauntlet | HP: 5/122 [death scarab (16)]
 13742 | Gauntlet | Reached skill level 16 in Long Blades
 13849 | Gauntlet | Got a pair of translucent boots
 13860 | Gauntlet | Identified the cursed +0 pair of boots of Jarhonn {*Contam
                  | rN+++ Int+3 Stlth-} (You found it in a Gauntlet)
 13916 | Gauntlet | Noticed a minotaur
 13928 | Gauntlet | Mangled by a minotaur

Levels and vault maps discovered:
D:1:      lightli_arrival_maybe_door_vault, layout_rooms,
          minmay_misc_feat_roman, grunt_decor_arrowhead, minivault_4
D:2:      layout_basic, chequers_ecumenical_altar_island
D:3:      layout_loops_ring, lemuel_coloured_pillars_altar,
          minmay_overflow_temple_star_hex, chequers_serial_rivers_large_b,
          ashenzari_altar_1, uniq_robin
D:4:      layout_basic, grunt_gozag_statues
D:5:      cheibrodos_fertilizer, layout_basic, lightli_temple_of_fire,
          grunt_dithmenos_shadows, minmay_temple_entry_slanted, first_ration,
          minmay_guarded_unrand_staff_of_olgreb, uniq_crazy_yiuf_cottage
D:6:      layout_rooms, overflow_temple_1_default, sigmund_army
D:7:      layout_basic, tso_altar, nemelex_altar_shiori, grunt_livestock,
          hangedman_decor_points, uniq_joseph, uniq_pikel
D:8:      layout_rooms, serial_shops, nicolae_shop_stone
D:9:      lemuel_bear_cage, layout_layer_cave, lemuel_round_altar,
          dpeg_lair_monsters, orc_0_dummy, serial_shops, shop_statue, shop,
          nicolae_shop_trees, nicolae_shop_trees, uniq_erica, uniq_psyche,
          uniq_prince_ribbit1
D:10:     layout_big_octagon, minmay_variable_closet, uniq_sonja, uniq_grum
D:11:     layout_loops_corners
Temple:   eino_temple_lava
Lair:1:   layout_regular_city
Lair:2:   layout_concentric_octagons, palyth_hydra_swamp_entry,
          minmay_snake_entry_six_corridors, minmay_lair_oklob_items,
          lemuel_oklob_altar, uniq_harold
Lair:3:   layout_concentric_octagons, gauntlet_entry_generic, special_room
          [special_room_bee], grunt_megastairs_1
Gauntlet: gammafunk_gauntlet_one_two_three [nicolae_gauntlet_arena_quarters,
          minmay_gauntlet_arena_make_your_own_arena,
          gammafunk_gauntlet_arena_corners, gammafunk_gauntlet_arena_spirals,
          gammafunk_gauntlet_arena_crates, gammafunk_gauntlet_arena_chambers,
          gammafunk_gauntlet_arena_arrow_garden,
          nicolae_gauntlet_arena_flowing_pool, nicolae_gauntlet_swirl,
          gauntlet_exit_spiral]

Skill      XL: |  1  2  3  4  5  6  7  8  9 10 11 12 13 |
---------------+----------------------------------------+-----
Armour         | 4 5 6 7 8 9 10 11 12 | 12.3
Fighting       | 4 5 6 8 9 10 12 13 | 13.1
Long Blades    | 3 4 5 6 7 9 11 12 14 15 16 | 16.0
Shields        | 4 5 6 8 10 11 | 11.9
Dodging        | 1 2 3 4 5 6 |  6.2
Stealth        | 1 2 |  2.2

Action                   |  1- 3 |  4- 6 |  7- 9 | 10-12 | 13-15 || total
-------------------------+-------+-------+-------+-------+-------++-------
Melee: Long sword        |    78 |   143 |   311 |   357 |       ||   889
       Headbutt          |    14 |    26 |    75 |   207 |    48 ||   370
       Scimitar          |       |       |       |   471 |   151 ||   622
Invok: Potion Petition   |       |       |       |       |     2 ||     2
  Use: Scroll            |     2 |     7 |     6 |    11 |     3 ||    29
       Potion            |       |       |       |       |     6 ||     6
 Stab: Distracted        |       |       |       |     4 |     3 ||     7
  Eat: Chunk             |       |     5 |       |       |       ||     5
       Ration            |       |     1 |     3 |     6 |     2 ||    12
Armor: Scale mail        |    39 |    87 |   112 |   213 |    55 ||   506
Dodge: Dodged            |    29 |    57 |   103 |   308 |    91 ||   588
Block: Kite shield       |    35 |    92 |   171 |    68 |       ||   366
       Buckler           |       |       |       |   218 |    76 ||   294
       Rpst.: Long sword |     6 |    17 |    29 |    21 |       ||    73
       Scimitar          |       |       |       |    36 |    28 ||    64

Table legend:
 A = Non-vault XP
 B = Vault XP
 C = Vault XP percentage of total XP
 D = Non-vault monster count
 E = Vault monster count
 F = Vault count percentage of total count
                 A         B        C        D         E       F
            +---------+---------+-------+---------+---------+-------
      Total |   27574 |   21936 |  44.3 |     295 |     103 |  25.9
            +---------+---------+-------+---------+---------+-------
        D:1 |      36 |       0 |   0.0 |      16 |       0 |   0.0
        D:2 |      80 |       0 |   0.0 |      22 |       0 |   0.0
        D:3 |      92 |      33 |  26.4 |      22 |      11 |  33.3
        D:4 |     461 |       0 |   0.0 |      11 |       0 |   0.0
        D:5 |     792 |     886 |  52.8 |      20 |      17 |  45.9
        D:6 |    1005 |      43 |   4.1 |      13 |       3 |  18.8
        D:7 |    1424 |    2072 |  59.3 |      28 |       7 |  20.0
        D:8 |    1564 |       0 |   0.0 |      24 |       0 |   0.0
        D:9 |    1782 |    6855 |  79.4 |      29 |      26 |  47.3
       D:10 |    3963 |    1454 |  26.8 |      40 |       6 |  13.0
       D:11 |    3268 |       0 |   0.0 |      28 |       0 |   0.0
     Lair:1 |    4811 |       0 |   0.0 |      16 |       0 |   0.0
     Lair:2 |    7557 |    6835 |  47.5 |      20 |      23 |  53.5
     Lair:3 |     739 |       0 |   0.0 |       6 |       0 |   0.0
   Gauntlet |       0 |    3758 | 100.0 |       0 |      10 | 100.0
            +---------+---------+-------+---------+---------+-------
